 Dungeon Crawl Stone Soup version 0.31-a0-981-geadf994542 (webtiles) character file.

Game seed: 8036584350839583998

627 Dordric the Carver (level 7, -1/50 HPs)
             Began as a Human Gladiator on Oct 31, 2023.
             Was an Initiate of Gozag.
             Slain by a gnoll sergeant
             ... wielding a +0 flail
              (8 damage)
             ... on level 4 of the Dungeon.
             The game lasted 00:04:49 (3454 turns).

Dordric the Carver (Human Gladiator)                Turns: 3454, Time: 00:04:50

Health: -1/50      AC:  8    Str: 15    XL:     7   Next: 76%
Magic:  7/7        EV: 10    Int: 14    God:    Gozag
Gold:   711        SH:  0    Dex: 16    Spells: 6/6 levels left

rFire   . . .        a - +1 long sword
rCold   . . .        (no shield)
rNeg    . . .        w - +0 scale mail
rPois   .            c - +0 helmet
rElec   .            (no cloak)
rCorr   .            s - +0 pair of gloves
SInv    .            (no boots)
Will    .....        (no amulet) Stlth
                     q - +6 ring of intelligence
HPRegen 0.28/turn    (no ring)
MPRegen 0.10/turn

%: no passive effects
@: brilliant
A: no striking features
a: Renounce Religion, Potion Petition, Call Merchant, Bribe Branch


You were on level 4 of the Dungeon.
You worshipped Gozag.
Gozag was pleased with you.
You visited 1 branch of the dungeon, and saw 5 of its levels.

You collected 711 gold pieces.

Inventory:

Hand Weapons
 a - a +1 long sword (weapon)
Missiles
 d - 3 throwing nets
 e - a javelin
 m - 2 silver javelins (quivered)
Armour
 b - a +0 leather armour
 c - a +0 helmet (worn)
 s - a +0 pair of gloves (worn)
 w - a +0 scale mail (worn)
Jewellery
 q - a +6 ring of intelligence (left hand)
 u - a ring of resist corrosion
Wands
 t - a wand of flame (29)
Scrolls
 h - 2 scrolls of vulnerability
 k - 2 scrolls of poison
 l - a scroll of revelation {unknown}
 n - a scroll of silence {unknown}
 o - 2 scrolls of teleportation {unknown}
 r - a scroll of noise {unknown}
 y - a scroll of acquirement {unknown}
Potions
 g - a potion of enlightenment {unknown}
 i - a potion of ambrosia {unknown}
 j - a potion of degeneration {unknown}
 p - a potion of resistance {unknown}
 v - a potion of mutation {unknown}
 x - a potion of lignification {unknown}


   Skills:
 - Level 2.0 Fighting
 + Level 8.5 Long Blades
 - Level 2.0 Throwing
 - Level 3.0 Dodging


You had 6 spell levels left.
You didn't know any spells.
Your spell library contained the following spells:

 Spells                   Type           Power      Damage    Failure   Level
 Kiss of Death            Conj/Necr      0%         2d5       77%         1
 Confusing Touch          Hex            0%         N/A       98%         3
 Dispel Undead            Necr           0%         3d6       100%        4


Dungeon Overview and Level Annotations

Branches:
Dungeon (5/15)
 Temple: D:4-7

Altars:
Cheibriados
Dithmenos
Fedhas
Gozag
Uskayaw
Vehumet
Xom


Message History

There is a stone staircase leading up, spattered with blood here.
There is a stone staircase leading up, spattered with blood here.
The gnoll sergeant shouts!
A gnoll sergeant is nearby!
The gnoll sergeant blocks your attack.
You closely miss the gnoll sergeant.
The gnoll sergeant hits you with a +0 flail.
The gnoll sergeant blocks your attack.
The gnoll sergeant hits you with a +0 flail!
You hit the gnoll sergeant.
The gnoll sergeant is lightly wounded.
The gnoll sergeant barely misses you.
You hit the gnoll sergeant.
The gnoll sergeant is lightly wounded.
The gnoll sergeant misses you.
You slash the gnoll sergeant!
The gnoll sergeant is moderately wounded.
The gnoll sergeant hits you but does no damage.
The gnoll barely misses you.
You barely miss the gnoll.
The gnoll sergeant hits you with a +0 flail.
The gnoll completely misses you.
The gnoll sergeant completely misses you.
The gnoll hits you from afar with a +0 halberd!
The gnoll attacks as it pursues you! The gnoll barely misses you.
The gnoll sergeant hits you with a +0 flail!
* * * LOW HITPOINT WARNING * * *
The gnoll sergeant attacks as it pursues you!
The gnoll sergeant hits you with a +0 flail.
* * * LOW HITPOINT WARNING * * *
There is a stone staircase leading up, spattered with blood here.
The gnoll sergeant hits you with a +0 flail.
* * * LOW HITPOINT WARNING * * *
You climb upwards.
There is a stone staircase leading down here.
It was a potion of brilliance.
You feel clever all of a sudden.
The gnoll sergeant hits you with a +0 flail!
You die...
Your body crumbles into a pile of gold.

#.###..##.##.........##..
#.#....##.###....##......
#.#.....#.####...##.###..
#.#............>.##......
#.......#.####...######..
###.....#.# #...# #..
#.....#.########### #..
#.....g......#....# #..
#....#@).....#....# #..
####..)......#....###..
#...........#.........
#...........###.......
#.........### #.......
#.........# #.......
#........## ########
##########


You could see a gnoll sergeant.

Vanquished Creatures
  3 wights (D:5)
  4 hounds (D:4)
  An iguana (D:5)
  Natasha (thrice) (D:3)
  8 gnolls
  9 adders
  A worm (D:2)
  3 dart slugs
  2 orcs (D:4)
  12 endoplasms
  2 giant cockroaches
  7 goblins
  4 hobgoblins
  4 jackals (D:2)
  10 kobolds
  3 quokkas
  5 ball pythons
  2 bats
  4 frilled lizards
  8 rats
95 creatures vanquished.

Notes
Turn   | Place    | Note
-------+----------+-------------------------------------------
     0 | D:1      | Dordric the Human Gladiator began the quest for the Orb.
     0 | D:1      | Reached XP level 1. HP: 16/16 MP: 1/1
   143 | D:1      | Reached XP level 2. HP: 22/22 MP: 2/2
   500 | D:1      | Found a faded altar of an unknown god.
   503 | D:1      | Prayed at the altar of an unknown god.
   503 | D:1      | Became a worshipper of Gozag Ym Sagoz the Greedy
   544 | D:2      | Found an opulent altar of Gozag.
   646 | D:2      | Reached skill level 4 in Long Blades
   646 | D:2      | Reached XP level 3. HP: 26/27 MP: 3/3
   989 | D:2      | Reached XP level 4. HP: 23/33 MP: 4/4
  1336 | D:3      | Reached skill level 5 in Long Blades
  1400 | D:3      | Found a blossoming altar of Fedhas.
  1457 | D:3      | Noticed Natasha
  1464 | D:3      | Killed Natasha
  1465 | D:3      | Reached XP level 5. HP: 38/38 MP: 5/5
  1658 | D:3      | Noticed Natasha
  1664 | D:3      | Killed Natasha
  1665 | D:3      | Reached skill level 6 in Long Blades
  1809 | D:3      | Reached XP level 6. HP: 30/44 MP: 6/6
  1876 | D:3      | Noticed Natasha
  1899 | D:3      | Killed Natasha
  2221 | D:4      | Found a hide-covered altar of Uskayaw.
  2272 | D:4      | Reached skill level 7 in Long Blades
  2491 | D:4      | Found an opulent altar of Gozag.
  2493 | D:4      | Found a shadowy altar of Dithmenos.
  2496 | D:4      | Found a radiant altar of Vehumet.
  2564 | D:4      | Reached XP level 7. HP: 50/50 MP: 7/7
  2838 | D:5      | Entered Level 5 of the Dungeon
  2973 | D:5      | Found a snail-covered altar of Cheibriados.
  2983 | D:5      | Found a shimmering altar of Xom.
  3102 | D:5      | Reached skill level 8 in Long Blades
  3454 | D:4      | Slain by a gnoll sergeant

Illustrated notes

Levels and vault maps discovered:
D:1:      sevenhm_arrival_forest_fort_small_6, layout_rooms,
          hellmonk_ecumenical_altar_inner_sanctum
D:2:      layout_basic, basic_altar
D:3:      minmay_chambers_of_threes, layout_loops_ring, fedhas_altar_2,
          uniq_natasha
D:4:      layout_basic, grunt_temple_overflow_open
D:5:      layout_loops_ring, xom_teletrap_fun, mainiacjoe_overflow_chevrons,
          lemuel_tele_altar, chequers_mini_garden, roderic_st_hans_cross

Skill      XL: |  1  2  3  4  5  6  7 |
---------------+----------------------+-----
Long Blades    | 4 5 6 7 8 |  8.5
Fighting       | |  2.0
Throwing       | |  2.0
Dodging        | |  3.0

Action                     |  1- 3 |  4- 6 |  7- 9 || total
---------------------------+-------+-------+-------++-------
  Melee: Long sword        |    88 |   139 |    46 ||   273
         Punch             |     1 |     1 |       ||     2
  Throw: Javelin           |       |     4 |     7 ||    11
    Use: Scroll            |       |     4 |       ||     4
         Potion            |       |       |     1 ||     1
   Stab: Sleeping          |       |     1 |       ||     1
 Armour: Leather armour    |    49 |    64 |       ||   113
         Scale mail        |       |     3 |    45 ||    48
  Dodge: Dodged            |    47 |    84 |    28 ||   159

Table legend: (Time is in decaauts)
 A = Elapsed time spent in this place.
 B = Non-inter-level travel time spent in this place.
 C = Inter-level travel time spent in this place.
 D = Time resting spent in this place.
 E = Time spent auto-exploring this place.
 F = Levels seen in this place.
 G = Mean time per level.
                   A        B        C        D        E       F      G
               +--------+--------+--------+--------+--------+-----+--------+
         Total |   3495 |   3283 |    212 |    252 |   2279 |   5 |  699.0 |
       Dungeon |   3495 |   3283 |    212 |    252 |   2279 |   5 |  699.0 |
               +--------+--------+--------+--------+--------+-----+--------+

Top non-repeatable levels by time:
     D:3: 1054 daAuts
     D:4: 997 daAuts
     D:2: 576 daAuts
     D:1: 525 daAuts
     D:5: 341 daAuts
